 Dungeon Crawl Stone Soup version 0.29.1-12-g30fa7ad0bf (webtiles) character file.

Game seed: 2030142697765673177

221 kanttarelli the Ducker (level 5, 0/32 HPs)
             Began as a Deep Elf Gladiator on Dec 13, 2022.
             Slain by a gnoll
             ... wielding a +0 spear
              (3 damage)
             ... on level 4 of the Dungeon.
             The game lasted 00:06:51 (3060 turns).

kanttarelli the Ducker (Deep Elf Gladiator)         Turns: 3060, Time: 00:06:52

Health: 0/32       AC:  9    Str: 11    XL:     5   Next: 65%
Magic:  7/7        EV: 10    Int: 13    God:
Gold:   163        SH:  0    Dex: 18    Spells: 4/4 levels left

rFire   . . .      SeeInvis .   h - +2 whip (venom)
rCold   . . .      Faith    .   (no shield)
rNeg    + + .      Spirit   .   q - +0 scale mail
rPois   +          Reflect  .   c - +0 helmet
rElec   .          Harm     .   m - +1 cloak "Onikiqur" {rPois rN++}
rCorr   .          Rampage  .   (no gloves)
Will    .....                   (no boots)
Stlth   ..........              v - amulet of magic regeneration
HPRegen 0.10/turn               (no ring)
MPRegen 0.50/turn               (no ring)

@: no status effects
A: no striking features
a: no special abilities


You were on level 4 of the Dungeon.
You visited 1 branch of the dungeon, and saw 4 of its levels.

You collected 163 gold pieces.

Inventory:

Hand Weapons
 a - a +0 rapier
 h - a +2 whip of venom (weapon)
Missiles
 b - 2 poisoned darts
 d - 3 throwing nets (quivered)
 o - 2 boomerangs
Armour
 c - a +0 helmet (worn)
 m - the +1 cloak "Onikiqur" (worn) {rPois rN++}
   (You found it on level 2 of the Dungeon)

   rPois:     It protects you from poison.
   rN:        It greatly protects you from negative energy.
 q - a +0 scale mail (worn)
Jewellery
 v - an amulet of magic regeneration (around neck)
Wands
 e - a wand of paralysis (4)
 p - a wand of roots (10)
Scrolls
 f - 5 scrolls of identify {unknown}
 g - a scroll of vulnerability {unknown}
 k - a scroll of fear {unknown}
 s - 3 scrolls of teleportation {unknown}
Potions
 i - a potion of haste {unknown}
 j - a potion of cancellation {unknown}
 l - a potion of lignification {unknown}
 n - a potion of curing {unknown}
 r - a potion of degeneration {unknown}
 w - a potion of flight {unknown}


   Skills:
 + Level 2.8 Fighting
 + Level 4.1 Short Blades
 + Level 3.3 Throwing
 + Level 4.9 Dodging


You had 4 spell levels left.
You didn't know any spells.
Your spell library contained the following spells:

 Spells                   Type           Power      Damage    Failure   Level
 Apportation              Tloc           0%         N/A       89%         1
 Necrotise                Necr           0%         1d4       89%         1
 Summon Small Mammal      Summ           0%         N/A       89%         1


Dungeon Overview and Level Annotations

Branches:
Dungeon (4/15)
 Temple: D:4-7

Altars:

Annotations:
D:3 2 transporters, Jonezilla's ghost, weakling MiFi


Message History

The adder is almost dead.
You feel sick.
You kill the adder!
The gnoll hits you from afar with a +0 spear.
A jelly comes into view.
Throw: javelin
Press: ? - help, Shift-Dir - straight line, f - jelly, p - gnoll
Aim: a jelly (wandering, hasn't noticed you, 90% to hit)
Okay, then.
The gnoll attacks as you move away! The gnoll barely misses you.
You feel sick.
You feel sick.
You feel sick.
You are no longer poisoned.
Okay, then.
Throw: javelin
Press: ? - help, Shift-Dir - straight line, f - hobgoblin, p - gnoll
Aim: a hobgoblin (63% to hit)
You throw a javelin. The javelin closely misses the gnoll.
The javelin pierces through the gnoll!
The gnoll is severely wounded.
The javelin pierces through the gnoll.
The gnoll is moderately wounded.
The javelin barely misses the gnoll.
The javelin pierces through the hobgoblin but does no damage.
The gnoll hits you with a +0 flail.
Unknown command.
You barely miss the gnoll. The gnoll closely misses you.
The gnoll hits you with a +0 flail.
You hit the gnoll.
The gnoll is poisoned.
The gnoll is lightly wounded.
The gnoll closely misses you. x2
You closely miss the gnoll.
The gnoll is lightly wounded.
The gnoll completely misses you. The gnoll hits you but does no damage.
You hit the gnoll.
The gnoll is moderately wounded.
The gnoll hits you from afar with a +0 halberd!
* * * LOW HITPOINT WARNING * * *
The gnoll hits you from afar with a +0 spear.
You die...

......###..#.#
#...(†.#..#.#####
#..........# #
##....>....#
#.#..........#
###............#
.........ggg...#
###...##..#g#####
.#####....####.#@###
.......##.##.......#
.......##.##.......#
#...<...#.......#
###.##..........#
.#####.............#
...................#
######.............#
###########.###


You could see 4 gnolls.

Vanquished Creatures
  Ijyb (D:3)
  A gnoll (D:1)
  8 adders
  3 worms (D:2)
  3 dart slugs
  5 orcs (D:3)
  6 bats
  7 endoplasms
  2 giant cockroaches
  14 goblins
  8 hobgoblins
  11 jackals
  A quokka (D:2)
  6 ball pythons
  6 frilled lizards
  6 kobolds
  4 rats
92 creatures vanquished.

Notes
Turn   | Place    | Note
-------+----------+-------------------------------------------
     0 | D:1      | kanttarelli the Deep Elf Gladiator began the quest for the
                  | Orb.
     0 | D:1      | Reached XP level 1. HP: 12/12 MP: 3/3
    44 | D:1      | Reached XP level 2. HP: 17/17 MP: 4/4
   395 | D:1      | Reached XP level 3. HP: 11/21 MP: 5/5
   573 | D:1      | Found a faded altar of an unknown god.
   928 | D:2      | Identified the +1 cloak "Onikiqur" {rPois rN++}
  1103 | D:2      | Reached XP level 4. HP: 23/26 MP: 6/6
  2331 | D:3      | Noticed an ogre
  2332 | D:3      | Noticed Jonezilla's ghost (weakling MiFi)
  2334 | D:3      | Noticed an ogre
  2335 | D:3      | Found a transporter.
  2335 | D:3      | Noticed an ogre
  2390 | D:3      | Reached XP level 5. HP: 31/31 MP: 7/7
  2487 | D:3      | Found a transporter.
  2792 | D:3      | Noticed Ijyb
  2800 | D:3      | Paralysed by Ijyb for 4 turns
  2808 | D:3      | Paralysed by Ijyb for 2 turns
  2809 | D:3      | Killed Ijyb
  3060 | D:4      | Slain by a gnoll

Illustrated notes

Levels and vault maps discovered:
D:1:      grunt_arrival_crossed_arrows, layout_basic,
          nicolae_ecumenical_snake_handling
D:2:      layout_basic
D:3:      kennysheep_goblin_castle, layout_rooms, gammafunk_ghost_smash
D:4:      layout_rooms, nicolae_qazlal_style_of_elements, serial_forest,
          infiniplex_forest_lined_3, infiniplex_forest_3_way,
          infiniplex_forest_straight_2, infiniplex_forest_lined_1,
          infiniplex_forest_lined_room_2, infiniplex_forest_straight_3,
          infiniplex_forest_lined_2, infiniplex_forest_clump_long

Skill      XL: |  1  2  3  4  5 |
---------------+----------------+-----
Dodging        | 4 |  4.9
Fighting       | 2 |  2.8
Throwing       | 3 |  3.3
Short Blades   | 4 |  4.1

Action                   |  1- 3 |  4- 6 || total
-------------------------+-------+-------++-------
Melee: Rapier            |    27 |       ||    27
       Whip              |    69 |   144 ||   213
       Punch             |     1 |     1 ||     2
Throw: Throwing net      |     1 |       ||     1
       Javelin           |     1 |     2 ||     3
       Dart              |       |     7 ||     7
 Stab: Sleeping          |     1 |     1 ||     2
Armor: Leather armour    |    25 |    25 ||    50
       Scale mail        |       |    35 ||    35
Dodge: Dodged            |    60 |    82 ||   142
